 Dungeon Crawl Stone Soup version 0.24-a0-487-g57318f2ed0 (webtiles) character file.

Game seed: 13271924188003893574

36 Bikalo the Grave Robber (level 3, -2/28 HPs)
             Began as a Deep Dwarf Necromancer on July 11, 2019.
             Slain by a worm (7 damage)
             ... on level 2 of the Dungeon.
             The game lasted 00:03:02 (1595 turns).

Bikalo the Grave Robber (Deep Dwarf Necromancer)    Turns: 1595, Time: 00:03:03

Health: -2/28      AC:  2    Str: 11    XL:     3   Next: 19%
Magic:  5/5        EV: 13    Int: 16    God:
Gold:   57         SH:  0    Dex: 13    Spells: 2/6 levels left

rFire    . . .     SeeInvis .   d - +0 short sword
rCold    . . .     Gourm    .   (no shield)
rNeg     . . .     Faith    .   a - +0 robe
rPois    .         Spirit   .   (no helmet)
rElec    .         Reflect  .   (no cloak)
rCorr    .         Harm     .   (no gloves)
MR       .....                  (no boots)
Stlth    ++........             (no amulet)
HPRegen  0.00/turn              (no ring)
MPRegen  0.09/turn              (no ring)

@: non-regenerating
A: damage resistance, heal wounds, sense surroundings 1, no regeneration
a: Heal Wounds


You were on level 2 of the Dungeon.
You were not hungry.

You visited 1 branch of the dungeon, and saw 2 of its levels.

You collected 57 gold pieces.

Inventory:

Hand Weapons
 d - a +0 short sword (weapon)
Armour
 a - a +0 robe (worn)
Scrolls
 f - a scroll of teleportation {unknown}
 g - 4 scrolls of identify {unknown}
 i - a scroll of enchant armour {unknown}
Potions
 b - a potion of degeneration {unknown}
 e - a potion of cancellation {unknown}
 h - a potion of curing {unknown}
Comestibles
 c - 3 rations


   Skills:
 + Level 2.7 Dodging
 - Level 2.4 Stealth
 + Level 2.1 Spellcasting
 * Level 5.0 Necromancy


You had 2 spell levels left.
You knew the following spells:

 Your Spells              Type           Power        Failure   Level  Hunger
a - Pain                  Necr           ###.         2%          1    #......
b - Vampiric Draining     Necr           ###.......   8%          3    ###....

Your spell library contained the following spells:

 Spells                   Type           Power        Failure   Level  Hunger
 Animate Skeleton         Necr           N/A          2%          1    #......
 Animate Dead             Necr           N/A          26%         4    #####..
 Regeneration             Chrm/Necr      Unusable     N/A         3    N/A

Dungeon Overview and Level Annotations

Branches:
Dungeon (2/15)

Altars:


Innate Abilities, Weirdness & Mutations

You are resistant to damage.
You can heal yourself by infusing magical energy.
You passively map a small area around you.
You do not regenerate.


Message History

You barely miss the worm.
The worm is almost dead.
The worm bites you.
* * * LOW HITPOINT WARNING * * *
Casting: Pain (safe; 2% risk of failure)
Confirm with . or Enter, or press ? or * to list all spells.
Aiming: Pain (safe; 2% risk of failure)
Press: ? - help, Shift-Dir - straight line, f/p - worm
Aim: a worm (severely wounded, chance to defeat MR: 84%)
The worm writhes in agony.
There is a stone staircase leading up here.
You climb upwards.
There is a stone staircase leading down here.
You eat one of the 4 rations.
That ration really hit the spot!
You start resting.
Magic restored.
You start waiting.
Done waiting.
You climb downwards.
The worm bites you!
You die...

* , , ..
,##+###.# *
*##...#..#
##......#
##.......## *
, #.........#
, +.......<.+
, *#...@.....#
#..##..w....##
*
#..........##
* #.#####...##
* , ,+.+## * *
#..### * * + *
+..$$# *
#..#.# , , ,
,+....#


You could see a worm.

Vanquished Creatures
  2 dart slugs (D:1)
  A leopard gecko (D:1)
  2 bats (D:1)
  3 giant cockroaches (D:1)
  3 goblins (D:1)
  5 hobgoblins (D:1)
  A jackal (D:1)
  5 kobolds (D:1)
  2 frilled lizards (D:1)
  4 rats (D:1)
28 creatures vanquished.

Notes
Turn   | Place    | Note
-------+----------+-------------------------------------------
     0 | D:1      | Bikalo the Deep Dwarf Necromancer began the quest for the
                  | Orb.
     0 | D:1      | Reached XP level 1. HP: 15/15 MP: 3/3
   244 | D:1      | Reached XP level 2. HP: 5/22 MP: 2/4
  1064 | D:1      | Reached skill level 5 in Necromancy
  1080 | D:1      | Reached XP level 3. HP: 17/28 MP: 0/5
  1090 | D:1      | Learned a level 3 spell: Vampiric Draining
  1595 | D:2      | Slain by a worm

Levels and vault maps discovered:
D:1:      minmay_arrival_split_and_join, layout_basic, st_stairs_9, nrook_uturn
D:2:      layout_loops_corners, old_standard_altar, marbit_many_paths,
          nemelex_xobeh_ov_fountains_minmay, supply_closet_lemuel,
          minmay_rat_gold_closets

Skill      XL: |  1  2 |
---------------+-------+-----
Spellcasting   | 2 |  2.1
Necromancy     | 5 |  5.0
Dodging        | |  2.7
Stealth        | |  2.4

Action                   || total
-------------------------++-------
Melee: Short sword       ||    56
       Unarmed           ||    17
 Cast: Pain              ||    29
       Vampiric Draining ||     4
 Abil: Heal Wounds       ||     1
 Stab: Sleeping          ||     3
  Eat: Chunk             ||     1
       Ration            ||     1
Armor: Robe              ||    14
Dodge: Dodged            ||    49

Table legend:
 A = Non-vault XP
 B = Vault XP
 C = Vault XP percentage of total XP
 D = Non-vault monster count
 E = Vault monster count
 F = Vault count percentage of total count
                 A         B        C        D         E       F
            +---------+---------+-------+---------+---------+-------
      Total |      49 |       3 |   5.8 |      26 |       2 |   7.1
            +---------+---------+-------+---------+---------+-------
        D:1 |      49 |       3 |   5.8 |      26 |       2 |   7.1
            +---------+---------+-------+---------+---------+-------
